 Dungeon Crawl Stone Soup version 0.27.1-33-g824d729ab1 (webtiles) character file.

Game seed: 13153444034253786199

41511 zeram the Eclecticist (level 13, 0/55 HPs)
             Began as a Spriggan Conjurer on Dec 31, 2021.
             Was an Initiate of Gozag.
             Slain by a death yak (26 damage)
             ... on level 4 of the Lair of Beasts.
             The game lasted 01:25:43 (25845 turns).

zeram the Eclecticist (Spriggan Conjurer)          Turns: 25845, Time: 01:25:43

Health: 0/55       AC:  5    Str:  3    XL:     13   Next: 80%
Magic:  23/38      EV: 31    Int: 24    God:    Gozag
Gold:   2951       SH:  5    Dex: 22    Spells: 23/52 levels left

rFire    . . .     SeeInvis +   C - +9 dagger (flame)
rCold    . . .     Faith    .   (shield restricted)
rNeg     . . .     Spirit   .   a - +2 robe
rPois    +         Reflect  +   (helmet restricted)
rElec    .         Harm     .   H - +0 cloak
rCorr    +         Rampage  .   (gloves unavailable)
Will     ++...                  (boots unavailable)
Stlth    +++++++...             p - amulet of reflection
HPRegen  0.18/turn              q - +6 ring of dexterity
MPRegen  0.26/turn              x - ring "Kuqer" {Drain rPois rCorr Dex+2 Stlth+}

@: gold aura, studying Stealth, very quick
A: very small, no large weapons, unfitting armour, see invisible, speed 3
a: Renounce Religion, Potion Petition, Call Merchant, Bribe Branch


You were on level 4 of the Lair of Beasts.
You worshipped Gozag.
Gozag was most pleased with you.
You visited 3 branches of the dungeon, and saw 16 of its levels.
You also visited: Bailey.

You collected 4148 gold pieces.
You spent 1120 gold pieces at shops.
You paid 77 gold pieces to Gozag.

Inventory:

Hand Weapons
 f - the +6 battleaxe "Peikh" {vamp, Drain rC++ rCorr SInv}
   (You found it on level 8 of the Dungeon)

   It occasionally heals its wielder for a portion of the damage dealt when it
   wounds a living foe.
   rC:        It greatly protects you from cold.
   SInv:      It lets you see invisible.
   rCorr:     It protects you from acid and corrosion.
   Drain:     It drains your maximum health when unequipped.
 n - a +0 dagger
 C - a +9 dagger of flaming (weapon)
Missiles
 F - 26 poisoned darts (quivered)
 G - 3 throwing nets
Armour
 a - a +2 robe (worn)
 H - a +0 cloak (worn)
Jewellery
 b - an amulet of magic regeneration
 p - an amulet of reflection (around neck)
 q - a +6 ring of dexterity (left hand)
 r - a ring of resist corrosion
 w - a ring of willpower
 x - the ring "Kuqer" (right hand) {Drain rPois rCorr Dex+2 Stlth+}
   (You found it on level 7 of the Dungeon)

   [ring of poison resistance]

   Dex:       It affects your dexterity (+2).
   rPois:     It protects you from poison.
   rCorr:     It protects you from acid and corrosion.
   Drain:     It drains your maximum health when unequipped.
   Stlth:     It makes you more stealthy.
 J - a ring of positive energy
Wands
 d - a wand of iceblast (11)
 s - a wand of flame (20)
 t - a wand of charming (17)
 u - a wand of polymorph (6)
 D - a wand of digging (16)
 E - a wand of paralysis (7)
Scrolls
 i - a scroll of fog
 k - 5 scrolls of amnesia
 v - 11 scrolls of teleportation
 y - 5 scrolls of vulnerability
 z - a scroll of brand weapon
 K - a scroll of fear
 L - a scroll of summoning
Potions
 c - 3 potions of curing
 e - 3 potions of ambrosia
 g - 2 potions of magic
 h - 2 potions of resistance
 j - a potion of mutation
 l - a potion of heal wounds
 m - 3 potions of flight
 o - a potion of lignification {unknown}
 A - 2 potions of attraction
 B - 2 potions of might
 I - 2 potions of cancellation {unknown}
 M - a potion of brilliance {unknown}
 N - 2 potions of haste {unknown}


   Skills:
 - Level 0.1 Short Blades
 - Level 1.0 Throwing
 + Level 14.2 Dodging
 * Level 13.1 Stealth
 - Level 1.1 Shields
 - Level 20.3 Spellcasting
 - Level 3.0 Conjurations
 - Level 7.1 Hexes
 * Level 2.5 Summonings
 - Level 3.8 Necromancy
 + Level 1.5 Ice Magic


You had 23 spell levels left.
You knew the following spells:

 Your Spells              Type           Power      Damage    Failure   Level
a - Magic Dart            Conj           100%       1d8       1%          1
b - Searing Ray           Conj           78%        3d6       1%          2
c - Dazzling Flash        Conj/Hex       96%        N/A       1%          3
d - Call Canine Familiar  Summ           36%        N/A       1%          3
e - Dispel Undead         Necr           42%        3d17      3%          4
f - Frozen Ramparts       Ice            62%        1d8       3%          3
g - Invisibility          Hex            28%        N/A       16%         6
h - Vampiric Draining     Necr           21%        2d9       1%          3
i - Summon Ice Beast      Ice/Summ       34%        N/A       8%          4

Your spell library contained the following spells:

 Spells                   Type           Power      Damage    Failure   Level
 Animate Skeleton         Necr           84%        N/A       1%          1
 Foxfire                  Conj/Fire      100%       2x1d9     1%          1
 Freeze                   Ice            100%       1d11      1%          1
 Pain                     Necr           100%       1d9       1%          1
 Sandblast                Erth           48%        2d12      1%          1
 Summon Small Mammal      Summ           100%       N/A       1%          1
 Corpse Rot               Necr/Air       N/A        N/A       1%          2
 Inner Flame              Hex/Fire       41%        N/A       1%          3
 Portal Projectile        Hex/Tloc       82%        N/A       1%          3
 Summon Guardian Golem    Hex/Summ       47%        N/A       1%          3
 Passwall                 Tmut/Erth      20%        N/A       2%          2
 Poisonous Vapours        Pois/Air       48%        N/A       2%          2
 Fulminant Prism          Conj/Hex       24%        3d13      2%          4
 Conjure Flame            Conj/Fire      31%        6-21      3%          3
 Stone Arrow              Conj/Erth      62%        3d10      3%          3
 Leda's Liquefaction      Hex/Erth       20%        N/A       4%          4
 Gell's Gravitas          Tloc           12%        N/A       5%          3
 Lesser Beckoning         Tloc           12%        N/A       5%          3
 Teleport Other           Tloc           24%        N/A       5%          3
 Hailstorm                Conj/Ice       35%        3d9       7%          4
 Metabolic Englaciation   Hex/Ice        22%        N/A       9%          5
 Iskenderun's Mystic Bla  Conj/Tloc      31%        2d8       10%         4
 Animate Armour           Summ/Erth      60%        N/A       11%         4
 Ice Form                 Ice/Tmut       28%        N/A       13%         4
 Iskenderun's Battlesphe  Conj           39%        2d9       14%         5
 Freezing Cloud           Conj/Ice/Air   15%        6-21      26%         5
 Bolt of Magma            Conj/Fire/Erth 14%        4d8       32%         5
 Lee's Rapid Deconstruct  Erth           12%        3d9*      45%         5
 Death Channel            Necr           21%        N/A       50%         6
 Iron Shot                Conj/Erth      15%        9d4       83%         6
 Spellforged Servitor     Conj/Summ      18%        N/A       99%         7
 Lehudib's Crystal Spear  Conj/Erth      15%        10d5      100%        8
 Chain Lightning          Conj/Air       15%        3d20      100%        9
 Shatter                  Erth           12%        3d13*     100%        9


Dungeon Overview and Level Annotations

Branches:
Dungeon (11/15)            Temple (1/1) D:4            Lair (4/6) D:11
 Shoals (0/4) Lair:2       Bailey (visited)
  Snake: Lair:2-4    Spider: Lair:2-4       Orc: D:9-12

Altars:
Ashenzari
Cheibriados
Dithmenos
Elyvilon
Fedhas
Gozag
Hepliaklqana
Kikubaaqudgha
Makhleb
Nemelex Xobeh
Okawaru
Qazlal
Ru
Sif Muna
Trog
Uskayaw
Vehumet
Wu Jian
Xom
Yredelemnul
Zin
The Shining One
Beogh

Shops:
D:5 :   D:8 [   D:10 *

Annotations:
D:6 2 transporters, zeram's ghost, novice OpFi
Lair:2 exclusion: 2 oklob plants


Innate Abilities, Weirdness & Mutations

You are very small and have problems with some larger weapons.
You are too small for most types of armour.
You have supernaturally acute eyesight. (SInv)
You cover ground extremely quickly. (Speed+++)


Message History

Confirm with . or Enter, or press ? or * to list all spells.
Casting: Frozen Ramparts (dangerous; 3% risk of failure)
Press: ? - help, Dir - look around, f - activate
Okay, then.
Casting: Frozen Ramparts (dangerous; 3% risk of failure)
Confirm with . or Enter, or press ? or * to list all spells.
You can't see any susceptible monsters within range! (Use Z to cast anyway.)
Casting: Frozen Ramparts (dangerous; 3% risk of failure)
Confirm with . or Enter, or press ? or * to list all spells.
Aiming: Magic Dart (safe; 1% risk of failure)
Press: ? - help, Shift-Dir - straight line, f/p - death yak
Aim: a death yak (severely wounded, 100% to hit)
The magic dart hits the death yak.
The death yak is severely wounded.
Casting: Magic Dart (safe; 1% risk of failure)
Confirm with . or Enter, or press ? or * to list all spells.
Aiming: Searing Ray (safe; 1% risk of failure)
Press: ? - help, Shift-Dir - straight line, f/p - death yak
Aim: a death yak (severely wounded, 93% to hit)
The searing ray hits the death yak.
The death yak is severely wounded. (Press . to maintain the ray.) Unknown command.
The searing ray hits the death yak!
The death yak is almost dead.
The searing ray hits the death yak!
The death yak is heavily wounded.
The searing ray hits the death yak!
You kill the death yak!
The searing ray hits the death yak!
The death yak is severely wounded.
Your Stealth skill increases to level 13!
The searing ray hits the death yak.
The death yak is lightly wounded.
The searing ray hits the death yak!
The death yak is almost dead.
You finish channeling your searing ray.
The death yak closely misses you. The death yak gores you!
The death yak gores you!!
You die...
Your body crumbles into a pile of gold.

###.........### # #≈###......##.#
### ####.####
≈#≈##......#.####.#####..##.#.###
≈≈≈..≈...........................
.≈≈≈≈≈≈..........................
......≈≈≈........................
.......................[.........
...(.............................
................@Y$.......Y......
.......##.....###Y......#.##.####
......##########P........#####
......# ##......### ......#
#.......# .....#. #......##
#......# P......# #.......P


You could see 2 death yaks.

Vanquished Creatures
  Harold (D:9)
  Josephine (D:10)
  A boulder beetle (Lair:4)
  2 hydras
  An ogre mage (D:9)
  9 two-headed ogres
  The ghost of Fek the Basher, a journeyman GrBe of Trog (D:10)
  Urug (Lair:2)
  A death yak (Lair:4)
  The ghost of Flarelocke the Grappler, a novice TrBe of Trog (D:7)
  An orc knight (Bailey)
  Pikel (D:7)
  An oklob plant (D:11)
  A manticore (Lair:2)
  2 cyclopes
  An elephant (Lair:2)
  Maurice (D:11)
  3 black mambas
  3 merfolk sirens (Lair:2)
  3 cane toads
  5 rime drakes
  2 ice devils (Lair:3)
  4 komodo dragons
  A troll (D:11)
  A queen bee (Lair:2)
  A merfolk (Lair:2)
  A hornet (D:8)
  5 dream sheep (Lair:4)
  3 wraiths (D:10)
  3 shadows
  3 basilisks (Lair:2)
  46 yaks
  2 wyverns (Lair:2)
  2 acid dragons (D:10)
  19 water moccasins
  A hornet zombie (D:8)
  11 orc warriors
  3 sky beasts
  3 ice beasts
  2 black bears
  A necrophage (D:5)
  24 wolves
  3 ogres
  2 centaurs
  2 phantoms
  A kobold brigand (D:8)
  3 lemures (D:7)
  10 bullfrogs
  A gnoll sergeant (D:10)
  2 scorpions
  A water moccasin skeleton (D:6)
  36 killer bees
  4 wights (D:7)
  11 electric eels
  A centaur zombie (D:8)
  2 jellies
  A bullfrog skeleton (D:5)
  A gnoll shaman (D:5)
  4 orc priests
  3 hounds
  An iguana (D:4)
  Ijyb (D:4)
  5 orc wizards
  6 hell rats (Lair:3)
  A killer bee zombie (D:7)
  A howler monkey zombie (D:9)
  8 adders
  11 gnolls
  A river rat (Lair:2)
  3 worms (D:2)
  30 orcs
  12 ball pythons
  5 endoplasms
  4 giant cockroaches
  8 goblins
  10 hobgoblins
  7 jackals
  26 kobolds
  8 quokkas
  6 bats
  6 frilled lizards
  7 rats
434 creatures vanquished.

Vanquished Creatures (others)
  14 fungi
  69 plants
  2 withered plants (D:10)
85 creatures vanquished.

Grand Total: 519 creatures vanquished

Notes
Turn   | Place    | Note
-------+----------+-------------------------------------------
     0 | D:1      | zeram the Spriggan Conjurer began the quest for the Orb.
     0 | D:1      | Reached XP level 1. HP: 9/9 MP: 5/5
   369 | D:1      | Reached skill level 3 in Spellcasting
   381 | D:1      | Reached XP level 2. HP: 13/13 MP: 1/7
  1286 | D:1      | Reached XP level 3. HP: 12/16 MP: 2/9
  1289 | D:1      | Learned a level 2 spell: Searing Ray
  1846 | D:2      | Reached skill level 4 in Spellcasting
  2078 | D:2      | Reached XP level 4. HP: 21/21 MP: 7/11
  2856 | D:3      | Reached skill level 5 in Dodging
  3403 | D:3      | Learned a level 3 spell: Dazzling Flash
  3445 | D:3      | Reached XP level 5. HP: 24/24 MP: 10/13
  3507 | D:3      | Reached skill level 5 in Spellcasting
  3709 | D:4      | Reached skill level 6 in Spellcasting
  3842 | D:4      | Learned a level 3 spell: Call Canine Familiar
  3847 | D:4      | Reached XP level 6. HP: 26/28 MP: 13/16
  4246 | D:4      | Found a staircase to the Ecumenical Temple.
  4246 | D:4      | Noticed Ijyb
  4255 | D:4      | Killed Ijyb
  4271 | Temple   | Entered the Ecumenical Temple
  4502 | D:4      | Reached skill level 7 in Spellcasting
  4823 | D:4      | Reached XP level 7. HP: 32/32 MP: 13/19
  4930 | D:5      | Entered Level 5 of the Dungeon
  4999 | D:5      | Reached skill level 8 in Spellcasting
  5200 | D:5      | Found Fiqaet's Self-Improvement Boutique.
  5314 | D:5      | Noticed a yak
  5314 | D:5      | Noticed a yak
  5314 | D:5      | Noticed a yak
  5315 | D:5      | Noticed a yak
  5315 | D:5      | Noticed a yak
  5348 | D:5      | Killed a yak
  5349 | D:5      | Reached skill level 9 in Spellcasting
  5349 | D:5      | Killed a yak
  5350 | D:5      | Reached XP level 8. HP: 28/36 MP: 9/22
  5354 | D:5      | Reached skill level 10 in Spellcasting
  5497 | D:5      | Reached skill level 11 in Spellcasting
  5599 | D:5      | Found a blossoming altar of Fedhas.
  5601 | D:5      | Found a glowing silver altar of Zin.
  5643 | D:5      | Found a sacrificial altar of Ru.
  5645 | D:5      | Found a radiant altar of Vehumet.
  5645 | D:5      | Found an opulent altar of Gozag.
  5645 | D:5      | Found a glowing golden altar of the Shining One.
  5646 | D:5      | Found a hazy altar of Hepliaklqana.
  5649 | D:5      | Found a white marble altar of Elyvilon.
  5650 | D:5      | Found an ornate altar of the Wu Jian Council.
  5651 | D:5      | Found a shadowy altar of Dithmenos.
  5816 | D:5      | Became a worshipper of Gozag Ym Sagoz the Greedy
  6160 | D:6      | Reached XP level 9. HP: 39/39 MP: 21/25
  6255 | D:6      | Reached skill level 12 in Spellcasting
  6486 | D:6      | Found a transporter.
  6486 | D:6      | Noticed zeram's ghost (novice OpFi)
  6607 | D:6      | Found a transporter.
  6867 | D:7      | Found a large runed translucent door.
  6867 | D:7      | Found a large runed translucent door.
  6928 | D:7      | Noticed Pikel
  6949 | D:7      | Killed Pikel
  7096 | D:7      | Reached skill level 13 in Spellcasting
  7118 | D:7      | Identified the ring "Kuqer" {Drain rPois rCorr Dex+2
                  | Stlth+}
  7673 | D:7      | Noticed Flarelocke's ghost (novice TrBe)
  8320 | D:7      | Killed Flarelocke's ghost
  8321 | D:7      | Reached skill level 14 in Spellcasting
  8742 | D:8      | Identified the +6 battleaxe "Peikh" {vamp, Drain rC++ rCorr
                  | SInv}
  8950 | D:8      | Reached XP level 10. HP: 34/44 MP: 26/29
  8966 | D:8      | Learned a level 4 spell: Dispel Undead
  8970 | D:8      | Learned a level 3 spell: Frozen Ramparts
  9114 | D:8      | Reached skill level 10 in Dodging
  9535 | D:8      | Found Lojoih's Armour Boutique.
  9695 | D:8      | Noticed a two-headed ogre
  9709 | D:8      | Killed a two-headed ogre
  9710 | D:8      | Reached skill level 15 in Spellcasting
 10081 | D:8      | Identified a scroll of acquirement
 10083 | D:8      | Acquired the Reference Book on Entrancing Attacks
 10092 | D:8      | Learned a level 6 spell: Invisibility
 10378 | D:8      | Reached skill level 1 in Hexes
 10819 | D:8      | Learned a level 3 spell: Vampiric Draining
 11083 | D:9      | Noticed Harold
 11136 | D:9      | Killed Harold
 11137 | D:9      | Reached skill level 16 in Spellcasting
 11320 | D:9      | Noticed a two-headed ogre
 11339 | D:9      | Killed a two-headed ogre
 11340 | D:9      | Reached XP level 11. HP: 47/47 MP: 24/32
 12006 | D:10     | Entered Level 10 of the Dungeon
 12170 | D:10     | Found Enaot Bite's Overcharged Wands.
 12242 | D:10     | Found a runed translucent door.
 12242 | D:10     | Noticed Fek's ghost (journeyman GrBe)
 12354 | D:10     | Noticed an ogre mage
 12357 | D:10     | Noticed a two-headed ogre
 12361 | D:10     | Noticed a two-headed ogre
 12361 | D:10     | Noticed a two-headed ogre
 12423 | D:9      | Killed a two-headed ogre
 12597 | D:10     | Noticed Josephine
 12613 | D:10     | Killed Josephine
 12614 | D:10     | Reached skill level 17 in Spellcasting
 12614 | D:10     | Reached skill level 5 in Hexes
 13752 | D:5      | Bought a manual of Stealth for 1120 gold pieces
 13898 | D:10     | Noticed a two-headed ogre
 13900 | D:10     | Noticed a two-headed ogre
 13911 | D:10     | Noticed a two-headed ogre
 13921 | D:9      | Killed an ogre mage
 13922 | D:9      | Reached skill level 1 in Necromancy
 14013 | D:9      | Killed a two-headed ogre
 14018 | D:9      | Killed a two-headed ogre
 14025 | D:9      | Killed a two-headed ogre
 14033 | D:9      | Killed a two-headed ogre
 14324 | D:9      | Killed a two-headed ogre
 14325 | D:9      | Reached skill level 18 in Spellcasting
 14325 | D:9      | Reached XP level 12. HP: 25/51 MP: 25/35
 14694 | D:10     | Killed Fek's ghost
 14915 | D:11     | Noticed Maurice
 14926 | D:11     | Killed Maurice
 15042 | D:11     | Found a staircase to the Lair.
 15154 | D:11     | Found a flagged portal.
 15318 | Bailey   | Entered a bailey
 15920 | Bailey   | Identified the +5 trident "Fezien" {elec, MP+9}
 16166 | Bailey   | Reached skill level 5 in Stealth
 16288 | Bailey   | Reached skill level 1 in Shields
 16776 | D:11     | Noticed a two-headed ogre
 16788 | D:11     | Killed a two-headed ogre
 17657 | Lair:1   | Entered Level 1 of the Lair of Beasts
 17865 | Lair:1   | Reached skill level 19 in Spellcasting
 18165 | Lair:1   | Noticed an eight-headed hydra
 18201 | Lair:1   | Killed an eight-headed hydra
 18555 | Lair:1   | You fall into a shaft and drop 1 floor!
 18559 | Lair:2   | Noticed a four-headed hydra
 18567 | Lair:2   | Killed a four-headed hydra
 19728 | Lair:2   | Reached XP level 13. HP: 53/55 MP: 31/37
 19856 | Lair:2   | Reached skill level 10 in Stealth
 19864 | Lair:2   | Found a staircase to the Shoals.
 21001 | Lair:2   | Noticed Urug
 21014 | Lair:2   | Killed Urug
 21256 | Lair:2   | Learned a level 4 spell: Summon Ice Beast
 22462 | Lair:3   | Reached skill level 20 in Spellcasting
 22688 | Lair:3   | Reached skill level 1 in Summonings
 24137 | Lair:3   | Reached skill level 1 in Ice Magic
 25773 | Lair:4   | Identified the +5 plate armour "Tychay" {rN+ Stlth+}
 25779 | Lair:4   | Reached skill level 1 in Throwing
 25845 | Lair:4   | Slain by a death yak

Illustrated notes

Levels and vault maps discovered:
D:1:      dpeg_chamrin_arrival_tetris, layout_rooms,
          chequers_serial_rivers_room_a, hex_medium, supply_closet_lemuel,
          nrook_mini_backslash
D:2:      wad_crossroads, layout_basic
D:3:      layout_basic, kennysheep_orc_chapel
D:4:      layout_loops_ring, minmay_temple_entry_ruins, kennysheep_nondescript,
          kennysheep_crisscross, uniq_ijyb
D:5:      layout_basic, minitemple, nicolae_shop_self_help
D:6:      layout_basic, gammafunk_ghost_mausoleum
D:7:      layout_basic, ebering_ghost_disaster_area, serial_park_tiny_2,
          minmay_misc_feat_alley, uniq_pikel
D:8:      layout_loops_ring, serial_shops, shop, serial_bayou,
          serial_bayou_pond_a, serial_bayou_shore_a, serial_bayou_pond_b,
          serial_bayou_shore_b, serial_bayou_lake_a, kennysheep_generic_room_6
D:9:      layout_long_grid, uniq_harold
D:10:     layout_irregular_city, gammafunk_ghost_grave,
          nicolae_shop_overcharged_wands, uniq_josephine
D:11:     minmay_klotski, layout_basic, dpeg_oklobed_lair, enter_bailey_5,
          uniq_maurice
Temple:   minmay_temple_bridge_abc
Lair:1:   layout_big_grid, grunt_megastairs_1, infiniplex_staircase_pool
Lair:2:   regret_index_harrowing_hell_hive, layout_long_grid,
          elwin_shoals_entry_stream, nicolae_quartered_pool_super,
          serial_bayou_shore_b, uniq_urug
Lair:3:   layout_roguey, enter_volcano_4, portal_ice_cave_demonic_guard,
          lemuel_fruit_tree, grunt_megastairs_3, infiniplex_staircase_pool_2
Lair:4:   layout_big_grid, spider_nest_entry_funnel_web,
          chequers_serial_rivers_small_a

Skill      XL: |  1  2  3  4  5  6  7  8  9 10 11 12 13 |
---------------+----------------------------------------+-----
Conjurations   | 3 |  3.0
Dodging        | 3 4 5 6 7 8 9 11 12 13 14 | 14.2
Spellcasting   | 3 4 6 7 9 11 14 16 18 19 20 | 20.3
Hexes          | 3 5 6 7 |  7.1
Necromancy     | 2 3 |  3.8
Stealth        | 4 9 13 | 13.1
Shields        | 1 |  1.1
Summonings     | 2 |  2.5
Ice Magic      | 1 |  1.5
Throwing       | 1 |  1.0
Short Blades   | |  0.1

Action                   |  1- 3 |  4- 6 |  7- 9 | 10-12 | 13-15 || total
-------------------------+-------+-------+-------+-------+-------++-------
Melee: Unarmed           |     4 |       |       |       |       ||     4
       Hand axe          |    58 |     7 |       |       |       ||    65
       Dagger            |       |     4 |     6 |    24 |    20 ||    54
Throw: Dart              |       |       |       |       |     8 ||     8
 Cast: Magic Dart        |    62 |    51 |    25 |   204 |   108 ||   450
       Searing Ray       |     6 |    32 |    55 |   184 |   131 ||   408
       Frozen Ramparts   |       |       |       |    14 |    16 ||    30
       Call Canine Famil |       |       |       |     2 |     2 ||     4
       Vampiric Draining |       |       |       |     8 |       ||     8
Evoke: Wand              |       |       |     2 |    11 |     8 ||    21
  Use: Scroll            |     7 |     4 |     7 |     9 |     2 ||    29
       Potion            |       |       |       |     5 |     1 ||     6
 Stab: Sleeping          |     2 |     2 |     2 |     4 |     3 ||    13
       Paralysed         |       |       |       |       |     1 ||     1
Armor: Robe              |     5 |     6 |     4 |    17 |    14 ||    46
Dodge: Dodged            |    80 |    56 |    69 |   343 |   352 ||   900
Block: Other             |       |       |       |    39 |    72 ||   111
       Reflection        |       |       |       |     5 |       ||     5
